 Dungeon Crawl Stone Soup version 0.30.0-5-g1a98f26d00 (webtiles) character file.

Game seed: 18063980647244922709

14939 BillyBaka the Cleaver (level 11, -2/99 HPs)
             Began as a Minotaur Fighter on May 8, 2023.
             Was a High Priest of the Shining One.
             Slain by a bone dragon (13 damage)
             ... on level 3 of the Abyss.
             The game lasted 00:41:34 (8942 turns).

BillyBaka the Cleaver (Minotaur Fighter)            Turns: 8942, Time: 00:41:35

Health: -2/99      AC: 13    Str: 24    XL:     11   Next: 95%
Magic:  15/15      EV: 19    Int:  5    God:    the Shining One [*****.]
Gold:   132        SH:  0    Dex: 11    Spells: 10/10 levels left

rFire   + . .        s - +2 battleaxe (elec)
rCold   . . .        (shield currently unavailable)
rNeg    + + .        O - +2 ring mail {rF+}
rPois   +            (helmet restricted)
rElec   .            L - +0 cloak
rCorr   .            e - +0 pair of gloves
SInv    .            q - +0 pair of boots
Will    .....        i - amulet of regeneration Stlth
                     r - +5 ring of evasion
HPRegen 0.00/turn    a - ring of poison resistance
MPRegen 0.14/turn

%: no passive effects
@: sick, hasted, glowing, very quick
A: horns 2, retaliatory headbutt
a: Renounce Religion, Divine Shield, Cleansing Flame, Summon Divine Warrior


You were on level 3 of the Abyss.
You worshipped the Shining One.
The Shining One was extremely pleased with you.
You visited 2 branches of the dungeon, and saw 12 of its levels.
You visited the Abyss 1 time.

You collected 607 gold pieces.
You spent 475 gold pieces at shops.

Inventory:

Hand Weapons
 s - a +2 battleaxe of electrocution (weapon)
 D - a +0 broad axe of flaming
Armour
 e - a +0 pair of gloves (worn)
 q - a +0 pair of boots (worn)
 E - a +0 plate armour
 L - a +0 cloak (worn)
 O - a +2 ring mail of fire resistance (worn)
Jewellery
 a - a ring of poison resistance (right hand)
 i - an amulet of regeneration (around neck)
 r - a +5 ring of evasion (left hand)
Wands
 u - a wand of flame (6)
 x - a wand of polymorph (5)
 y - a wand of iceblast (11)
 I - a wand of paralysis (7) (quivered)
Scrolls
 b - 2 scrolls of silence
 c - a scroll of fog
 f - a scroll of enchant armour
 g - 7 scrolls of teleportation
 k - 7 scrolls of vulnerability
 m - 2 scrolls of magic mapping
 o - 2 scrolls of immolation
 t - 3 scrolls of enchant weapon
 w - a scroll of poison
 K - 2 scrolls of blinking
 N - a scroll of fear
Potions
 d - 3 potions of might
 j - 3 potions of flight
 l - a potion of berserk rage {unknown}
 n - 5 potions of curing
 p - a potion of degeneration {unknown}
 z - 2 potions of attraction {unknown}
 A - 3 potions of magic
 C - 2 potions of haste
 F - 2 potions of brilliance {unknown}
 H - 2 potions of mutation {unknown}
 J - a potion of resistance {unknown}
 M - a potion of heal wounds {unknown}
 P - 2 potions of lignification {unknown}


   Skills:
 + Level 9.8 Fighting
 * Level 12.2(12.5) Axes
 - Level 3.7(8.7) Polearms
 + Level 9.6 Armour
 + Level 8.1 Dodging
 + Level 9.7 Shields
 + Level 6.8 Invocations


You had 10 spell levels left.
You didn't know any spells.
Your spell library contained the following spells:

 Spells                   Type           Power      Damage    Failure   Level
 Scorch                   Fire           0%         2d5       75%         2
 Portal Projectile        Hex/Tloc       0%         N/A       92%         3
 Tukima's Dance           Hex            0%         N/A       92%         3
 Vhi's Electric Charge    Tloc/Air       0%         N/A       92%         3
 Flame Wave               Conj/Fire      0%         2d4       100%        4
 Leda's Liquefaction      Hex/Erth       0%         N/A       100%        4
 Arcjolt                  Conj/Air       0%         1d10      100%        5
 Blade Hands              Tmut           0%         N/A       100%        5
 Lee's Rapid Deconstruct  Erth           0%         3d4*      100%        5
 Statue Form              Tmut/Erth      0%         N/A       100%        6
 Summon Cactus Giant      Summ           0%         N/A       100%        6
 Maxwell's Capacitive Co  Air            0%         ∞         100%        8


Dungeon Overview and Level Annotations

Branches:
Dungeon (11/15)            Temple (1/1) D:5             Orc (0/2) D:9
   Lair: D:8-11

Altars:
Ashenzari
Cheibriados
Dithmenos
Elyvilon
Fedhas
Kikubaaqudgha
Makhleb
Okawaru
Qazlal
Sif Muna
Trog
Uskayaw
Vehumet
Wu Jian
Xom
Yredelemnul
Zin
The Shining One

Shops:
D:6 (   D:11 ?


Innate Abilities, Weirdness & Mutations

You have a pair of horns on your head.
You reflexively headbutt those who attack you in melee.


Message History

The thrashing horror tramples you!
You hold your ground!
The thrashing horror tramples you but does no damage.
You slice the thrashing horror!!
The thrashing horror is heavily damaged.
The thrashing horror barely misses you.
The thrashing horror closely misses you.
You hit the thrashing horror.
You headbutt the thrashing horror, but do no damage.
The thrashing horror is heavily damaged.
The thrashing horror closely misses you.
The thrashing horror tramples you.
You hold your ground!
The thrashing horror barely misses you.
The thrashing horror tramples you but does no damage.
The thrashing horror barely misses you.
The thrashing horror closely misses you.
The blink frog attacks as you move away!
The blink frog hits you. The thrashing horror tramples you.
You hold your ground!
The thrashing horror tramples you.
You hold your ground!
The blink frog misses you.
You slice the thrashing horror!!
You destroy the thrashing horror!
You slash the blink frog!
Lightning courses through the blink frog!
The blink frog closely misses you.
You closely miss the blink frog.
The blink frog is severely wounded.
The blink frog hits you! The blink frog completely misses you.
You slice the blink frog!!
You kill the blink frog!
A bone dragon comes into view.
You hit the bone dragon but do no damage.
The bone dragon bites you!! The bone dragon claws you!
* * * LOW HITPOINT WARNING * * *
The bone dragon completely misses you.
You feel yourself speed up. The bone dragon misses you.
You furiously retaliate!
You headbutt the bone dragon. The bone dragon claws you!
* * * LOW HITPOINT WARNING * * *
The bone dragon tramples you!
You die...

#.## _# # .#
.# ## ##.## #
..####
#.#....##
#...###.# #
#.# #.# #.#
#@#
##....D......
###########.


You could see a bone dragon.

Vanquished Creatures
  2 two-headed ogres (D:10)
  2 thrashing horrors (Abyss:3)
  Amaemon (D:9)
  2 cyclopes (D:11)
  2 gargoyles
  An orange demon (D:9)
  An unseen horror (D:11)
  A komodo dragon (D:11)
  2 ancient zymes (Abyss:3)
  A troll (D:11)
  A blink frog (Abyss:3)
  A raiju (Abyss:3)
  A shadow (D:11)
  2 wyverns
  A large abomination (Abyss:3)
  A vampire (D:11)
  17 yaks
  A chaos spawn (Abyss:3)
  2 steam dragons
  2 vampire mosquitoes (D:10)
  2 acid dragons (D:11)
  3 ice beasts (D:7)
  6 orc warriors
  A sky beast (D:6)
  2 black bears (D:11)
  4 centaurs
  4 phantoms
  A kobold brigand (D:8)
  5 bullfrogs
  3 gnoll sergeants
  2 scorpions
  10 wights
  11 killer bees
  2 howler monkeys (D:8)
  A crimson imp (D:7)
  A quasit (Abyss:3)
  10 orc priests
  5 hounds
  A jelly (D:6)
  2 sleepcaps
  7 iguanas
  Natasha (thrice) (D:3)
  9 orc wizards
  Robin (D:3)
  17 gnolls
  5 adders
  A shadow imp (D:6)
  4 white imps
  2 ufetubi
  A worm (D:2)
  3 dart slugs
  39 orcs
  4 ball pythons
  8 endoplasms
  4 giant cockroaches
  8 hobgoblins
  8 jackals
  14 kobolds
  2 quokkas
  3 bats
  3 frilled lizards
  13 goblins
  3 rats (D:2)
282 creatures vanquished.

Notes
Turn   | Place    | Note
-------+----------+-------------------------------------------
     0 | D:1      | BillyBaka the Minotaur Fighter began the quest for the Orb.
     0 | D:1      | Reached XP level 1. HP: 19/19 MP: 0/0
    45 | D:1      | Reached XP level 2. HP: 25/27 MP: 1/1
   277 | D:1      | Reached skill level 1 in Dodging
   586 | D:1      | Reached XP level 3. HP: 33/33 MP: 2/2
   595 | D:1      | Found a faded altar of an unknown god.
  1338 | D:2      | Identified the +0 ring mail of the Hippo {rN+ Dex+3 Slay-6}
  1404 | D:2      | Found a broken altar of Ashenzari.
  1493 | D:2      | Reached XP level 4. HP: 40/40 MP: 3/3
  1968 | D:3      | Noticed Robin
  1987 | D:3      | Killed Robin
  1988 | D:3      | Reached skill level 1 in Axes
  2120 | D:3      | Reached XP level 5. HP: 37/47 MP: 4/4
  2173 | D:3      | Noticed Natasha
  2178 | D:3      | Killed Natasha
  2288 | D:3      | Noticed Natasha
  2295 | D:3      | Killed Natasha
  2296 | D:3      | Reached skill level 2 in Axes
  2559 | D:3      | Noticed Natasha
  2565 | D:3      | Killed Natasha
  2695 | D:4      | Found a faded altar of an unknown god.
  2695 | D:4      | Found a glowing silver altar of Zin.
  2704 | D:4      | Found an ancient bone altar of Kikubaaqudgha.
  2706 | D:4      | Found a basalt altar of Yredelemnul.
  2708 | D:4      | Found a faded altar of an unknown god.
  2751 | D:4      | Prayed at the altar of an unknown god.
  2751 | D:4      | Became a worshipper of the Shining One
  2751 | D:4      | Reached * piety under the Shining One
  2904 | D:4      | Reached XP level 6. HP: 49/53 MP: 5/5
  2957 | D:4      | Reached skill level 3 in Axes
  3122 | D:4      | Reached skill level 5 in Fighting
  3155 | D:4      | Reached skill level 5 in Shields
  3156 | D:4      | Reached skill level 5 in Armour
  3287 | D:4      | Reached XP level 7. HP: 61/61 MP: 6/6
  3390 | D:5      | Entered Level 5 of the Dungeon
  3399 | D:5      | Reached skill level 4 in Axes
  3399 | D:5      | Reached skill level 1 in Invocations
  3571 | D:5      | Found a shadowy altar of Dithmenos.
  3692 | D:5      | Reached ** piety under the Shining One
  3763 | D:5      | Reached skill level 5 in Axes
  3777 | D:5      | Found a staircase to the Ecumenical Temple.
  3789 | Temple   | Entered the Ecumenical Temple
  3839 | D:5      | Reached XP level 8. HP: 70/70 MP: 8/8
  3869 | D:5      | Found a bloodstained altar of Trog.
  4053 | D:6      | Found Peazam's Weapon Boutique.
  4076 | D:6      | Found a broken altar of Ashenzari.
  4226 | D:6      | Reached skill level 6 in Axes
  5019 | D:7      | Found an iron altar of Okawaru.
  5103 | D:7      | Reached skill level 7 in Axes
  5160 | D:7      | Found a burning altar of Makhleb.
  5160 | D:7      | Found a shimmering altar of Xom.
  5163 | D:7      | Reached XP level 9. HP: 78/78 MP: 10/10
  5414 | D:7      | Reached skill level 5 in Dodging
  5669 | D:8      | Reached skill level 8 in Axes
  5766 | D:8      | Reached *** piety under the Shining One
  6072 | D:8      | Reached XP level 10. HP: 76/88 MP: 12/12
  6076 | D:8      | Reached skill level 9 in Axes
  6335 | D:8      | Found a radiant altar of Vehumet.
  6652 | D:9      | Noticed Amaemon
  6654 | D:9      | Noticed an orange demon
  6666 | D:9      | Killed Amaemon
  6682 | D:9      | Killed an orange demon
  6715 | D:9      | Found a staircase to the Orcish Mines.
  6757 | D:9      | Reached skill level 5 in Invocations
  7063 | D:9      | Reached skill level 10 in Axes
  7598 | D:10     | Entered Level 10 of the Dungeon
  7602 | D:10     | Reached **** piety under the Shining One
  7607 | D:10     | Noticed a gargoyle
  7614 | D:10     | Killed a gargoyle
  7872 | D:10     | Noticed a two-headed ogre
  7886 | D:10     | Killed a two-headed ogre
  7887 | D:10     | Reached XP level 11. HP: 76/95 MP: 14/14
  8015 | D:10     | Noticed a two-headed ogre
  8027 | D:10     | Killed a two-headed ogre
  8028 | D:10     | Reached skill level 11 in Axes
  8267 | D:11     | Found Vuhu's Magic Scroll Shop.
  8276 | D:11     | Bought 3 scrolls of identify for 102 gold pieces
  8552 | D:11     | Bought a scroll of identify for 34 gold pieces
  8552 | D:11     | Bought a scroll of identify for 34 gold pieces
  8552 | D:11     | Bought a scroll of teleportation for 51 gold pieces
  8552 | D:11     | Bought a scroll of blinking for 127 gold pieces
  8552 | D:11     | Bought a scroll of enchant weapon for 127 gold pieces
  8723 | D:11     | Noticed a wizard
  8723 | Abyss:3  | Cast into level 3 of the Abyss (a wizard)
  8875 | Abyss:3  | Reached skill level 12 in Axes
  8894 | Abyss:3  | Found a corrupted altar of Lugonu.
  8922 | Abyss:3  | Noticed a thrashing horror
  8922 | Abyss:3  | Reached ***** piety under the Shining One
  8923 | Abyss:3  | Noticed a thrashing horror
  8928 | Abyss:3  | Killed a thrashing horror
  8933 | Abyss:3  | Killed a thrashing horror
  8940 | Abyss:3  | Noticed a bone dragon
  8942 | Abyss:3  | Slain by a bone dragon

Illustrated notes

Levels and vault maps discovered:
D:1:      dpeg_arrival_simpleton_b, layout_loops_corners,
          chequers_ecumenical_altar_lobes
D:2:      layout_basic, basic_altar
D:3:      layout_basic, nrook_mini_vaults, uniq_natasha, uniq_robin
D:4:      layout_loops_ring, chequers_temple_overflow_minitemple
D:5:      layout_basic, lightli_temple_of_fire, mainiacjoe_overflow_paths,
          minmay_temple_entry_junction
D:6:      minmay_evil_eye, layout_basic, ashenzari_conservatory_becter,
          serial_shops, shop, roderic_roman_lattice
D:7:      layout_loops_ring, grunt_temple_overflow_champion_of_chaos,
          mainiacjoe_overflow_catwalk
D:8:      layout_rooms, lemuel_coloured_pillars_altar
D:9:      layout_basic, david_orc_1_choice, uniq_amaemon
D:10:     layout_rooms
D:11:     nzn_winding_woodlands_medium [nzn_winding_woodlands_5x5_three,
          nzn_winding_woodlands_5x15_twine,
          nzn_winding_woodlands_5x5_closed_star,
          nzn_winding_woodlands_5x5_default,
          nzn_winding_woodlands_center_diamonds,
          nzn_winding_woodlands_5x5_checkerboard,
          nzn_winding_woodlands_5x5_default, nzn_winding_woodlands_5x15_zeroes,
          nzn_winding_woodlands_5x5_cross], layout_rooms,
          grunt_lair_entry_orc_guard_hut, serial_shops, nicolae_lakefront_shop,
          evilmike_butchery
Temple:   nicolae_temple_ecumenical_triangle
Abyss:3:  base: D:1, evilmike_abyss_rune_tso_outpost, patterned_corridor

Skill      XL: |  1  2  3  4  5  6  7  8  9 10 11 |
---------------+----------------------------------+-----
Polearms       | 3 |  3.7
Dodging        | 1 2 3 4 5 7 8 |  8.1
Armour         | 4 5 6 7 8 9 |  9.6
Shields        | 4 5 6 7 8 9 |  9.7
Fighting       | 4 5 6 7 8 9 |  9.8
Axes           | 1 2 3 5 7 8 10 12 | 12.2
Invocations    | 2 3 4 5 6 |  6.8

Action                     |  1- 3 |  4- 6 |  7- 9 | 10-12 || total
---------------------------+-------+-------+-------+-------++-------
  Melee: Trident           |    91 |    15 |       |       ||   106
         Headbutt          |     8 |    10 |    31 |    55 ||   104
         Battleaxe         |       |    73 |   162 |   202 ||   437
 Invoke: Divine Shield     |       |       |       |     1 ||     1
  Evoke: Wand              |       |       |       |     4 ||     4
    Use: Potion            |       |       |     1 |     1 ||     2
         Scroll            |       |       |       |    17 ||    17
 Armour: Scale mail        |    29 |    34 |    14 |       ||    77
         Plate armour      |       |       |    43 |    29 ||    72
         Ring mail         |       |       |       |    47 ||    47
  Dodge: Dodged            |    36 |    65 |   136 |   191 ||   428
  Block: Buckler           |    17 |     2 |       |       ||    19
         Other             |       |       |       |     1 ||     1
